Map: Heavy Artillery LE

Players

buzz - Winner!

  • Race: Protoss Protoss
  • League: Gold
  • Spawn Location: 1:00

dio - Winner!

  • Race: Terran Terran
  • League: Diamond
  • Spawn Location: 3:00

Massa

  • Race: Terran Terran
  • League: Platinum
  • Spawn Location: 7:00

qqq

  • Race: Zerg Zerg
  • Spawn Location: 7:00

VOD

Have the link to the VOD?

Description

Time

  • Played on: Oct. 23, 2020, 2:25 p.m.
  • Length: 7:49
Show
View Real Time Build Order
Export as new Build Order

buzz Protoss - Winner!

Build Orders:  

Get SALT Encoding   

  12  0:01  Probe  
  13  0:13  Probe  
  14  0:20  Pylon  
  14  0:25  Probe  
  15  0:32  Assimilator  
  15  0:34  Assimilator  
  15  0:43  Probe  
  16  0:50  Gateway  
  16  1:03  Probe (Chrono Boost)  
  17  1:15  Probe (Chrono Boost)  
  18  1:20  Probe (Chrono Boost)  
  18  1:24  Pylon  
  19  1:29  Probe  
  20  1:35  Pylon  
  20  1:41  Probe  
  21  1:47  Cybernetics Core  
  21  1:53  Probe  
  22  2:16  Nexus  
  22  2:22  Assimilator  
  22  2:33  Stargate  
  22  2:43  Stargate  
  22  3:12  Void Ray (Chrono Boost)  
  26  3:25  Void Ray (Chrono Boost)  
  26  3:26  Probe  
  31  3:38  Probe  
  32  3:50  Probe  
  33  4:01  Void Ray x2  
  33  4:03  Probe  
  42  4:15  Probe (Chrono Boost)  
  43  4:23  Probe (Chrono Boost)  
  45  4:33  Probe (Chrono Boost)  
  45  4:34  Probe (Chrono Boost)  
  45  4:36  Assimilator  
  46  4:39  Probe x2 (Chrono Boost)  
  46  4:43  Void Ray  
  48  4:50  Probe  
  48  4:51  Probe  
  48  4:52  Protoss Air Weapons Level 1 (Chrono Boost)  
  54  5:06  Pylon  
  54  5:08  Pylon  
  54  5:09  Pylon  
  54  5:12  Pylon  
  54  5:18  Void Ray  
  54  5:24  Probe x2  
  54  5:25  Void Ray  
  64  5:36  Probe  
  61  6:02  Void Ray x2  
  65  6:39  Void Ray (Chrono Boost)  
  69  6:56  Void Ray (Chrono Boost)  
  73  7:13  Probe (Chrono Boost)  
  74  7:18  Pylon  
  74  7:20  Pylon  
  74  7:22  Pylon  
  79  7:23  Probe (Chrono Boost)  
  79  7:28  Probe (Chrono Boost)  
Show
View Real Time Build Order
Export as new Build Order

dio Terran - Winner!

Build Orders:  

Get SALT Encoding   

  12  0:00  SCV  
  13  0:12  SCV  
  14  0:19  Supply Depot  
  14  0:24  SCV  
  15  0:40  Refinery  
  15  0:41  SCV  
  16  0:51  Barracks  
  16  0:55  SCV  
  17  1:07  SCV  
  18  1:19  SCV  
  19  1:32  SCV  
  20  1:44  Orbital Command  
  20  1:45  Factory  
  20  1:59  Barracks Reactor  
  20  2:11  SCV  
  21  2:17  Barracks  
  21  2:20  Command Center  
  21  2:26  SCV  
  22  2:31  Factory Tech Lab  
  22  2:32  Refinery  
  22  2:36  Supply Depot  
  22  2:39  Marine  
  23  2:57  SCV, Marine  
  25  3:01  Marine  
  26  3:09  Supply Depot  
  26  3:10  SCV, Siege Tank  
  29  3:17  Marine  
  29  3:19  Marine  
  31  3:30  SCV  
  32  3:37  Orbital Command, Barracks  
  32  3:42  SCV  
  32  3:47  Marine  
  34  3:57  Orbital Command  
  34  3:58  Supply Depot  
  34  4:02  Siege Tank  
  37  4:03  Marine  
  37  4:05  SCV, Marine  
  40  4:19  Supply Depot  
  40  4:20  Marine  
  40  4:22  SCV  
  40  4:23  Marine  
  43  4:24  SCV  
  44  4:33  Barracks Tech Lab  
  44  4:34  Siege Tank  
  44  4:35  SCV  
  48  4:40  Starport, SCV  
  48  4:45  Marine x2  
  51  4:48  SCV  
  51  4:52  SCV  
  53  4:54  Stimpack  
  53  4:56  Supply Depot  
  53  4:59  Marine  
  54  5:00  SCV  
  55  5:07  Marine x2  
  55  5:08  Siege Tank  
  55  5:10  SCV  
  55  5:12  SCV  
  62  5:15  Supply Depot  
  62  5:21  Medivac  
  64  5:28  SCV  
  64  5:33  SCV  
  64  5:35  Marine x2  
  68  5:38  Command Center  
  68  5:40  SCV  
  68  5:42  Refinery, Marine  
  70  5:52  Marine  
  70  5:54  Marine  
  70  5:55  Siege Tank  
  76  6:08  SCV x2  
  77  6:24  Marine x2  
  75  6:29  Viking  
  75  6:32  SCV  
  76  6:35  SCV  
  77  6:40  Engineering Bay  
  76  7:05  Marine x2  
  76  7:06  Marauder  
  79  7:11  SCV  
  79  7:12  SCV  
  81  7:16  Orbital Command  
  81  7:18  Missile Turret  
  81  7:24  SCV x2  
  81  7:28  Marine x2  
Show
View Real Time Build Order
Export as new Build Order

Massa Terran 

Build Orders: Gas First Reaper Expand, Mech 

Get SALT Encoding   

  12  0:00  SCV  
  13  0:12  SCV  
  14  0:23  Supply Depot  
  14  0:24  SCV  
  15  0:29  Refinery  
  15  0:45  SCV  
  15  0:46  Barracks  
  16  0:57  SCV  
  17  1:09  SCV  
  18  1:21  SCV  
  19  1:33  Reaper  
  19  1:34  Orbital Command  
  20  1:46  Command Center  
  20  2:00  SCV  
  21  2:05  Marine, Supply Depot  
  22  2:16  Factory  
  22  2:18  SCV  
  23  2:26  Barracks Reactor  
  23  2:30  SCV  
  23  2:33  Supply Depot  
  24  2:42  SCV  
  24  2:43  Refinery  
  25  2:57  SCV  
  27  2:59  Orbital Command  
  27  3:05  Starport  
  26  3:07  Factory Tech Lab  
  26  3:09  SCV  
  26  3:11  Marine x2  
  29  3:21  SCV  
  30  3:29  Marine x2  
  30  3:33  SCV  
  32  4:07  SCV x2  
  32  4:08  Marine  
  32  4:09  Marine  
  36  4:10  Cyclone  
  39  4:19  SCV x2  
  41  4:25  Barracks  
  41  4:26  Barracks, Marine x2  
  41  4:31  SCV  
  44  4:37  Liberator  
  47  4:39  SCV  
  47  4:42  Siege Tank  
  47  4:43  SCV  
  47  4:44  Marine x2  
  54  4:48  Refinery  
  54  4:51  Refinery  
  54  4:55  Command Center  
  54  4:57  Engineering Bay  
  54  5:01  Supply Depot  
  54  5:03  Supply Depot  
  54  5:22  SCV x2, Marine x2  
  54  5:25  Barracks Tech Lab  
  54  5:26  Barracks Reactor  
  58  5:33  Missile Turret  
  58  5:34  SCV x2, Missile Turret  
  60  5:40  Marine  
  60  5:41  Medivac, Missile Turret  
  63  5:46  SCV x2  
  65  5:54  Missile Turret x2  
  61  6:28  Marine x3  
  61  6:40  Missile Turret  
  61  6:53  Supply Depot  
  61  6:54  Supply Depot x4  
  61  6:55  Marine, Supply Depot  
  61  6:56  Marine  
  61  6:57  Marine, Medivac, Supply Depot  
  61  6:58  Factory, Supply Depot  
  61  7:00  Orbital Command  
  61  7:01  Factory  
  42  7:13  Marine  
  42  7:14  Marine  
  42  7:15  Marine  
  42  7:31  Marine  
Show
View Real Time Build Order
Export as new Build Order

qqq Zerg 

Build Orders: Hatch First 

Get SALT Encoding   

  12  0:00  Drone  
  13  0:08  Drone  
  14  0:34  Hatchery  
  13  0:38  Drone  
  14  0:56  Spawning Pool  
  13  1:07  Overlord  
  13  1:08  Drone  
  14  1:11  Extractor  
  14  1:13  Drone  
  14  1:29  Drone  
  14  1:31  Drone  
  16  1:41  Drone  
  16  1:44  Queen  
  16  1:47  Drone  
  20  2:00  Drone  
  21  2:03  Queen  
  23  2:09  Drone  
  23  2:11  Drone  
  25  2:17  Metabolic Boost  
  25  2:29  Drone x2  
  27  2:31  Overlord  
  27  2:34  Drone  
  28  2:44  Overlord  
  28  2:50  Lair  
  28  2:52  Drone  
  28  2:56  Drone  
  28  2:57  Drone  
  32  3:12  Drone  
  32  3:13  Drone x3  
  32  3:17  Extractor, Drone x3  
  32  3:19  Drone  
  38  3:23  Drone  
  39  3:36  Hatchery  
  38  3:43  Spore Crawler  
  38  3:44  Drone  
  38  3:49  Drone x2  
  38  3:52  Hydralisk Den  
  38  3:53  Spore Crawler  
  38  3:54  Spore Crawler  
  37  3:57  Drone  
  37  4:01  Drone x2  
  40  4:03  Drone  
  40  4:07  Overlord  
  41  4:11  Drone  
  41  4:12  Drone  
  41  4:14  Drone  
  43  4:25  Hydralisk  
  43  4:26  Hydralisk  
  43  4:28  Hydralisk x2  
  51  4:33  Muscular Augments  
  51  4:39  Zergling x2, Evolution Chamber  
  51  4:40  Zergling x2  
  51  4:44  Overlord  
  51  4:45  Overlord  
  52  4:49  Queen  
  54  5:04  Drone x2, Lurker Den  
  54  5:05  Drone x3  
  58  5:07  Extractor  
  58  5:09  Extractor  
  58  5:12  Spore Crawler  
  55  5:14  Hydralisk  
  55  5:17  Drone x4  
  61  5:23  Spore Crawler  
  61  5:25  Hydralisk, Spore Crawler  
  61  5:38  Hydralisk  
  61  5:40  Drone x2, Zergling x2  
  66  5:52  Hydralisk  
  65  6:03  Hydralisk  
  64  6:05  Drone x2  
  64  6:06  Overlord x4  
  64  6:07  Overlord x2  
  66  6:15  Overlord  
  66  6:16  Overlord  
  65  6:33  Lurker  
  65  6:36  Hydralisk x3  
  59  7:04  Zergling x6  
  59  7:05  Drone x2  
  59  7:06  Drone x4  
  68  7:17  Lurker  
  68  7:20  Drone  
  70  7:23  Extractor  
  70  7:24  Extractor  
  70  7:25  Spore Crawler  
  70  7:26  Spine Crawler  
Tags
 
Add a new tag
Caveats
  • Supply blocks, unpowered buildings, or Contaminate may cause inaccurate times.
  • Supply counts are checked every 10 seconds.